Map: [ESL] Babylon

Players

DRG - Winner!

  • Race: Zerg Zerg
  • Spawn Location: 11:00

NightPhoenix

  • Race: Protoss Protoss
  • Spawn Location: 5:00

Event: ESL SC2 Masters 2023 Summer (Finals)

VOD

Have the link to the VOD?

Description

Time

  • Played on: June 16, 2023, 6:33 a.m.
  • Length: 6:44

All games in this series

Show
View Real Time Build Order
Export as new Build Order

DRG Zerg - Winner!

Build Orders: Hatch First 

Get SALT Encoding   

  12  0:00  Drone  
  13  0:07  Drone  
  14  0:17  Overlord  
  14  0:40  Hatchery  
  13  0:44  Drone  
  13  0:48  Drone  
  15  0:52  Drone  
  15  0:56  Drone  
  17  1:06  Drone  
  17  1:10  Extractor  
  17  1:17  Spawning Pool  
  16  1:20  Drone  
  17  1:27  Drone  
  18  1:38  Drone  
  19  1:49  Drone  
  19  1:53  Drone  
  21  2:00  Overlord  
  21  2:04  Queen x2  
  21  2:05  Zergling x2  
  26  2:12  Zergling x2  
  26  2:14  Drone  
  28  2:20  Metabolic Boost  
  28  2:21  Drone  
  29  2:25  Drone  
  30  2:33  Drone  
  31  2:41  Hatchery  
  30  2:47  Queen  
  32  2:51  Overlord  
  32  2:55  Drone  
  32  2:57  Drone  
  34  3:00  Drone  
  34  3:02  Drone  
  36  3:07  Overlord  
  36  3:10  Zergling x2  
  37  3:13  Queen  
  37  3:16  Zergling x2  
  40  3:20  Drone  
  40  3:22  Drone  
  40  3:26  Queen  
  44  3:29  Drone  
  44  3:30  Drone  
  44  3:33  Drone  
  47  3:36  Overlord  
  47  3:41  Drone x2  
  47  3:45  Drone x2  
  47  3:46  Drone  
  52  3:53  Queen  
  54  3:56  Queen  
  54  4:00  Baneling Nest  
  55  4:03  Drone x2  
  55  4:07  Overlord  
  57  4:12  Zergling x8  
  57  4:17  Overlord  
  61  4:23  Zergling x10  
  66  4:28  Zergling x4  
  68  4:35  Zergling x4  
  68  4:36  Overlord  
  70  4:38  Zergling x2  
  70  4:39  Zergling x6  
  70  4:45  Baneling x5  
  74  4:49  Zergling x8  
  74  4:51  Baneling  
  78  4:53  Zergling x6  
  78  5:10  Zergling x12  
  76  5:18  Drone x5  
  76  5:20  Drone x3  
  83  5:23  Roach Warren  
  83  5:28  Drone x3, Extractor  
  84  5:29  Overlord  
  84  5:33  Baneling x4  
  84  5:35  Zergling x6  
  87  5:41  Baneling  
  87  5:42  Zergling x4  
  89  5:43  Overlord  
  89  5:46  Overlord  
  89  5:48  Overlord  
  89  5:49  Zergling x4  
  88  5:58  Zergling x14  
  88  6:01  Zergling x2  
  88  6:03  Baneling x4  
  95  6:09  Zergling x2  
  95  6:10  Zergling x6  
  88  6:21  Roach x4  
  92  6:28  Drone x4  
Show
View Real Time Build Order
Export as new Build Order

NightPhoenix Protoss 

Build Orders: 1 Gate Expand, Mass Adepts 

Get SALT Encoding   

  12  0:00  Probe  
  13  0:12  Probe  
  14  0:19  Pylon  
  14  0:24  Probe  
  15  0:37  Probe (Chrono Boost)  
  15  0:40  Gateway  
  16  0:49  Probe (Chrono Boost)  
  17  0:51  Assimilator  
  17  0:54  Probe (Chrono Boost)  
  18  1:03  Probe  
  19  1:16  Probe  
  20  1:27  Nexus  
  20  1:38  Cybernetics Core  
  20  1:42  Probe  
  21  1:47  Assimilator  
  21  1:54  Probe  
  21  1:58  Pylon  
  22  2:06  Probe  
  23  2:13  Adept (Chrono Boost)  
  23  2:18  Probe  
  23  2:20  Twilight Council  
  26  2:28  Warp Gate  
  26  2:32  Probe (Chrono Boost)  
  26  2:34  Adept (Chrono Boost)  
  29  2:40  Probe (Chrono Boost)  
  31  2:48  Probe (Chrono Boost)  
  31  2:49  Probe (Chrono Boost)  
  32  2:52  Resonating Glaives (Chrono Boost)  
  32  2:55  Probe  
  32  2:56  Adept  
  35  3:00  Probe  
  36  3:09  Probe  
  36  3:10  Robotics Facility  
  38  3:12  Probe  
  38  3:16  Pylon  
  38  3:21  Probe  
  38  3:25  Probe  
  40  3:31  Gateway  
  40  3:33  Probe  
  41  3:37  Probe  
  41  3:38  Gateway  
  42  3:43  Gateway  
  42  3:45  Probe  
  43  3:49  Probe  
  44  3:57  Gateway  
  44  3:58  Warp Prism  
  46  4:03  Gateway  
  46  4:06  Pylon  
  46  4:16  Adept  
  46  4:17  Pylon  
  48  4:25  Adept  
  50  4:33  Adept  
  50  4:37  Adept  
  54  4:38  Adept  
  56  4:46  Adept  
  56  4:49  Pylon  
  58  4:55  Adept  
  58  4:57  Adept x2  
  58  4:59  Adept x2  
  68  5:02  Pylon  
  68  5:03  Pylon  
  48  5:16  Adept x2  
  48  5:21  Adept x4  
  60  5:36  Pylon  
  60  5:39  Adept x2  
  60  5:40  Adept x2  
  60  5:41  Adept x2  
  68  6:01  Adept x6  
  50  6:22  Adept x5  
Tags
 
Add a new tag
Caveats
  • Supply blocks, unpowered buildings, or Contaminate may cause inaccurate times.
  • Supply counts are checked every 10 seconds.